 Dungeon Crawl Stone Soup version 0.30-a0-243-gaa749bd8e4 (webtiles) character file.

Game seed: 17947623342956624126

2 Essalna the Ruffian (level 1, 0/16 HPs)
             Began as a Draconian Transmuter on Oct 12, 2022.
             Slain by a hobgoblin
             ... wielding a +0 mace
              (3 damage)
             ... on level 1 of the Dungeon.
             The game lasted 00:00:24 (80 turns).

Essalna the Ruffian (Draconian Transmuter)            Turns: 80, Time: 00:00:24

Health: 0/16       AC:  4    Str: 12    XL:     1   Next: 25%
Magic:  1/3        EV: 12    Int: 13    God:
Gold:   13         SH:  0    Dex: 11    Spells: 3/4 levels left

rFire   . . .      SeeInvis .      - Unarmed
rCold   . . .      Faith    .    (no shield)
rNeg    . . .      Spirit   .    (body armour unavailable)
rPois   .          Reflect  .    (helmet currently unavailable)
rElec   .          Harm     .    (no cloak)
rCorr   .          Rampage  .    (no gloves)
Will    .....                    (boots currently unavailable)
Stlth   +.........               (no amulet)
HPRegen 0.22/turn                (no ring)
MPRegen 0.08/turn                (no ring)

@: appendages
A: horns 2, talons 2, AC +4, unfitting armour, cold-blooded
a: End Transformation


You were on level 1 of the Dungeon.
You had temporarily grown beastly horns and talons.
You visited 1 branch of the dungeon, and saw 1 of its levels.

You collected 13 gold pieces.

Inventory:

Potions
 a - a potion of lignification


   Skills:
 + Level 1.2 Fighting
 - Level 1.7 Dodging
 + Level 3.0 Unarmed Combat
 - Level 2.0 Spellcasting
 + Level 2.0 Transmutations


You had 3 spell levels left.
You knew the following spells:

 Your Spells              Type           Power      Damage    Failure   Level
a - Beastly Appendage     Tmut           12%        N/A       11%         1

Your spell library contained the following spells:

 Spells                   Type           Power      Damage    Failure   Level
 Wereblood                Tmut           6%         N/A       17%         2
 Spider Form              Tmut/Pois      3%         N/A       45%         3
 Ice Form                 Ice/Tmut       3%         N/A       86%         4


Dungeon Overview and Level Annotations

Branches:
Dungeon (1/15)

Altars:


Innate Abilities, Weirdness & Mutations

You have temporarily grown beastly horns and talons.
Your plain brown scales are hard. (AC +4)
You cannot fit into any form of body armour.
You are cold-blooded and may be slowed by cold attacks.


Message History

Found an agate ring.
A quokka and a goblin come into view.
The goblin shouts!
A bat comes into view.
The quokka moves out of view.
The bat moves out of view.
Found 15 gold pieces.
You hit the kobold but do no damage. Your kick misses the kobold.
Your headbutt misses the kobold. You tail-slap the kobold.
The kobold is severely wounded.
You barely miss the kobold. You claw the kobold.
You kill the kobold!
The bat hits you but does no damage.
A hobgoblin comes into view. It is wielding a +0 mace.
Found 2 scrolls labelled XITYSE YPOY.
Your transformation is almost over.
The hobgoblin shouts!
The bat barely misses you. The goblin hits you with a +0 dagger.
Things that are here:
a +0 dagger of venom; 5 stones You barely miss the quokka.
Your kick misses the quokka.
Your tail-slap misses the quokka.
The bat misses you. The quokka closely misses you.
The goblin closely misses you. The bat misses you.
The quokka barely misses you.
You hit the quokka. Your headbutt misses the quokka.
The quokka is severely wounded.
The bat closely misses you. The goblin closely misses you.
The hobgoblin hits you but does no damage.
The quokka bites you.
You are too injured to fight recklessly!
The quokka attacks as you move away! The quokka bites you.
The goblin attacks as you move away! The goblin hits you with a +0 dagger.
Casting: Beastly Appendage (safe; 11% risk of failure)
Confirm with . or Enter, or press ? or * to list all spells.
You extend your transformation's duration.
The hobgoblin hits you with a +0 mace.
* * * LOW HITPOINT WARNING * * *
You hit the hobgoblin. You claw the hobgoblin.
The hobgoblin is heavily wounded.
The hobgoblin hits you with a +0 mace.
You die...

##.#.......#...#...#####
..#..#...#...#.....8.#$
##.#...#..##.##.=.....
.##.#...#............
##.##......##......8
.#.#..#......#.....##
#.##...#..##...#.b..##
#.#..#†.#...#..##gr..#
.##..#..##......@#?......
.#.#..#..#...#...#.......
##..#...#.#..#....#......
..##.#....#...)..........
#########################


You could see a quokka, a hobgoblin and a bat.

Vanquished Creatures
  A hobgoblin (D:1)
  A kobold (D:1)
2 creatures vanquished.

Notes
Turn   | Place    | Note
-------+----------+-------------------------------------------
     0 | D:1      | Essalna the Draconian Transmuter began the quest for the
                  | Orb.
     0 | D:1      | Reached XP level 1. HP: 16/16 MP: 3/3
    80 | D:1      | Slain by a hobgoblin

Illustrated notes

Levels and vault maps discovered:
D:1:      erik_arrival_cave_to_civilisation [erik_arrival_cave_to_temple],
          layout_rooms, minmay_vboxes

Action                   || total
-------------------------++-------
Melee: Unarmed           ||     7
       Kick              ||     4
       Tailslap          ||     1
 Cast: Beastly Appendage ||     3
Armor: Skin              ||     3
Dodge: Dodged            ||     8

Table legend: (Time is in decaauts)
 A = Elapsed time spent in this place.
 B = Non-inter-level travel time spent in this place.
 C = Inter-level travel time spent in this place.
 D = Time resting spent in this place.
 E = Time spent auto-exploring this place.
 F = Levels seen in this place.
 G = Mean time per level.
                   A        B        C        D        E       F      G
               +--------+--------+--------+--------+--------+-----+--------+
         Total |     79 |     79 |      0 |      0 |     62 |   1 |   79.0 |
       Dungeon |     79 |     79 |      0 |      0 |     62 |   1 |   79.0 |
               +--------+--------+--------+--------+--------+-----+--------+

Top non-repeatable levels by time:
     D:1: 79 daAuts
